 BcadrenCrawl: Boulder Brew version 0.06-688-g08e91b2d95 (webtiles) character file.

Game seed: 17014840735925245224

53 Barriton the Ducker (level 3, 0/54 HPs) Immature Draconian Demigod. Began on Dec 28, 2022. Slain by a giant cockroach (3 damage) ... on level 2 of the Dungeon. The game lasted 00:02:20 (410 turns).

Barriton the Ducker (Immature Draconian Demigod)     Turns: 410, Time: 00:02:21

Health: 0/54       AC:  6    Str: 15 (17) XL:     3 ^: 39
Magic:  6/6        EV: 13    Int: 13 (15) God:
Gold:   48         SH:  0    Dex: 12 (15) Spells: 4/5 levels left

rFire    + . .     Slash    +   a - +0 long sword
rCold    + . .     Pierce   x   h - +6 short sword
rNeg     . . .     Bludgeon .   (armour unavailable)
rCorr    + + .     Vision   .   (helmet restricted)
rPois    +         Gourm    .   (no cloak)
rElec    +         Faith    .   (no gloves)
MR       .....     Spirit   .   (no boots)
HPRegen  0.28/turn Reflect  .   (no amulet)
MPRegen  0.16/turn Harm     .   g - ring of wizardry
Stlth    ++........             (no ring)

@: resistant
A: deformed body 2, deterioration, high mp 1, shoutitus, cold-blooded, acid
resistance, draconic flesh, AC +6
a: Breathe Dart


You were on level 2 of the Dungeon.
You were full.

You visited 1 branch of the dungeon, and saw 2 of its levels.

You collected 48 gold pieces.

Inventory:

Weapons
 a - a +0 long sword (weapon)
 h - a +6 short sword (weapon)
Jewellery
 g - a ring of wizardry (left hand)
 j - an uncursed ring of stealth
 k - an uncursed ring of intelligence
Scrolls
 b - a scroll of holy word
 d - a scroll of teleportation
 e - a scroll of bless item
Comestibles
 c - 11 chunks of flesh
 i - a ration


   Skills:
 + Level 1.4 Fighting
 + Level 1.9 Long Blades
 + Level 3.0 Dodging
 + Level 1.6 Stealth
 + Level 1.5 Spellcasting
 + Level 1.8 Fire Magic


You had 4 spell levels left.
You knew the following spells:

 Your Spells              Type           Power        Failure   Level  Hunger
a - Flame Tongue          Fire           5 (30)       4%          1    20-40

Your spell library contained the following spells:

 Spells                   Type           Power        Failure   Level  Hunger
 Slow Hex 1 (100) 11% 1 20-40 Blink Tloc N/A 16% 2 60-100 Call Imp Summ 1 (100) 16% 2 60-100 Conjure Flame Fire 5 (100) 16% 3 100-160 Mephitic Cloud Pois/Air       1 (100)      32%         3    100-160


Dungeon Overview and Level Annotations

Branches:
Dungeon (2/8)


Innate Abilities, Weirdness & Mutations

Your plain brown scales are resilient. (AC +6)
You can breathe rudimentary magical darts.
You cannot wear any armour on your peculiar form.
You have an increased reservoir of magic. (+15% MP)
You are cold-blooded and are slowed more easily by cold attacks.
Your scales resist being cut, but it's oddly easy to stick a small blade between them. (rSlashing+, rPiercing-)
Your body often falls apart upon taking damage.
You frequently shout uncontrollably at your foes.
You are resistant to acid. (rCorr)


Message History

The cinder newt skeleton bites you (2).
* * * LOW HITPOINT WARNING * * *
The sewer rat bites you (7)!
You are perforated ruthlessly!
* * * LOW HITPOINT WARNING * * *
The giant cockroach bites you (1).
You are perforated ruthlessly!
* * * LOW HITPOINT WARNING * * *
The cinder newt skeleton bites you but does no damage.
You feel protected.
You drop the empty bottle.
The sewer rat barely misses you.
The giant cockroach bites you but does no damage.
Unknown command.
Unknown command.
You hit the cinder newt skeleton (2). You hit the cinder newt skeleton (2).
It resists.
The cinder newt skeleton is severely damaged. (5/14) HP The giant cockroach closely misses you.
The sewer rat bites you but does no damage.
The cinder newt skeleton bites you but does no damage.
The giant cockroach bites you (3).
You are perforated ruthlessly!
You die...

≈≈≈ #≈≈≈≈≈≈≈≈≈≈
≈≈≈≈ ≈≈≈≈≈≈≈w≈≈
≈≈≈≈#≈≈≈≈≈≈≈≈≈≈
≈≈#≈≈ ≈≈≈≈≈≈≈≈.
≈≈≈≈≈≈≈≈≈≈≈≈≈≈≈
≈≈≈≈≈≈#≈≈≈≈≈≈≈≈
≈≈=≈≈≈s≈†≈..)≈≈
≈≈....Z@$%.w.≈b
≈≈.⌠≈≈..r≈≈.≈≈b
≈#≈w≈≈≈≈≈≈#≈≈#≈
≈≈≈≈≈≈≈≈≈≈≈#≈#
.#≈≈≈≈≈≈≈≈≈≈≈
#≈≈≈≈≈≈≈≈≈##;≈
#.≈≈w≈≈≈≈≈≈ ≈..
≈##.≈≈≈#≈≈≈≈ .#


You could see a sewer rat, 4 dart slugs, a giant cockroach, a cinder newt
skeleton and a neutral submerged slimehead (wandering) (passive).

Vanquished Creatures
  2 giant cockroaches (D:1)
  A cinder newt (D:1)
  A dart slug (D:1)
  4 hobgoblins (D:1)
  A kobold (D:1)
  A bat (D:1)
  A bat skeleton (D:2)
  4 goblins (D:1)
  3 rats
18 creatures vanquished.

Notes
Turn   | Place    | Note
-------+----------+-------------------------------------------
     0 | D:1      | Barriton the Immature Draconian Demigod began the quest for
                  | the Orb.
     0 | D:1      | Reached XP level 1. HP: 32/32 MP: 3/3
    81 | D:1      | Gained mutation: You frequently shout uncontrollably at
                  | your foes. [potion of mutation]
    81 | D:1      | Gained mutation: You are resistant to acid. (rCorr) [potion
                  | of mutation]
    81 | D:1      | Gained mutation: Your body often falls apart upon taking
                  | damage. [potion of mutation]
   153 | D:1      | Reached XP level 2. HP: 40/43 MP: 4/4
   334 | D:1      | Reached skill level 3 in Dodging
   334 | D:1      | Reached XP level 3. HP: 39/54 MP: 5/5
   408 | D:2      | HP: 2/54 [giant cockroach (1)]
   410 | D:2      | Slain by a giant cockroach

Illustrated notes

Levels and vault maps discovered:
D:1:      dpeg_arrival_castle, layout_loops_ring, portal_sewer_entry_c
D:2:      kennysheep_slugbush, layout_sewer, nicolae_overflow_quartered_altars,
          chequers_ecumenical_altar_grove

Skill      XL: |  1  2 |
---------------+-------+-----
Dodging        | 3 |  3.0
Fighting       | |  1.4
Long Blades    | |  1.9
Stealth        | |  1.6
Spellcasting   | |  1.5
Fire Magic     | |  1.8

Action                   || total
-------------------------++-------
Melee: Long sword        ||    24
       Unarmed           ||     6
       Short sword       ||     8
       Peck              ||     2
 Cast: Flame Tongue      ||     8
  Use: Potion            ||     2
  Eat: Ration            ||     1
Armor: Skin              ||    33
Dodge: Dodged            ||    26
       Rpst.: Long sword ||     9
